[Event "Team 45 45 League T58"]
[Site "Internet Chess Club"]
[Date "2013.08.31"]
[Round "2"]
[White "clarinetref"]
[Black "amicusUK"]
[Result "0-1"]
[WhiteElo "1656"]
[BlackElo "1680"]
[Opening "Caro-Kann: exchange variation"]
[ECO "B13"]
[Time "17:00:56"]
[TimeControl "2700+45"]

1. e4 c6 2. d4 d5 3. exd5 cxd5 4. Bd3 Nc6 5. c3 Qc7 6. h3 g6 7. Be3 Bh6 8. Qd2
Bxe3 9. Qxe3 Bd7 10. Na3 a6 11. Nf3 h5 12. c4 Nb4 13. Ne5 Nxd3+ 14. Qxd3 Bf5 15.
Qf3 Nf6 16. O-O Qb6 17. Qc3 Ne4 18. Qe3 Nf6 19. c5 Qc7 20. Rac1 Nd7 21. Rfe1
Nxe5 22. Qxe5 Qxe5 23. Rxe5 e6 24. b3 Rc8 25. b4 Kd7 26. b5 Bd3 27. bxa6 Bxa6
28. Nc2 Ra8 29. Na3 Bd3 30. Nc2 Bxc2 31. Rxc2 Ra4 32. Rb2 Kc7 33. Rc2 Rxd4 34.
Re3 Ra8 35. Rf3 Rf8 36. Rb3 Ra4 37. Rcb2 Ra7 38. Kf1 Rfa8 39. Ke2 Kc6 40. Rb6+
Kxc5 41. Rxb7 Kc6 42. R2b6+ Kc5 43. Rb5+ Kd6 44. Rxa7 Rxa7 45. Rb2 e5 46. f3 Ke6
47. Kd2 Kf5 48. Kc3 Rc7+ 49. Kd3 Ra7 50. Kc3 d4+ 51. Kb3 Rb7+ 52. Ka3 Rxb2 53.
Kxb2 Ke6 54. a4 Kd5 55. Kc2 Kc4 56. a5 Kb5 57. a6 Kxa6 58. Kd3 Kb5 59. f4 f6 60.
g3 Kc5 61. fxe5 fxe5 62. h4 Kd5 {White resigns} 0-1

[Event "Team 45 45 League T58"]
[Site "Internet Chess Club"]
[Date "2013.08.29"]
[Round "2"]
[White "losscause"]
[Black "tryanything"]
[Result "1/2-1/2"]
[WhiteElo "1576"]
[BlackElo "1586"]
[Opening "Scotch game"]
[ECO "C45"]
[Time "19:00:41"]
[TimeControl "2700+45"]

1. e4 e5 2. Nf3 Nc6 3. d4 exd4 4. Nxd4 Bc5 5. Nxc6 Qf6 6. Qf3 Qxc6 7. Nc3 Nf6 8.
Bd3 O-O 9. O-O d6 10. Nd5 Nxd5 11. exd5 Qd7 12. Qh5 g6 13. Qh4 Qg4 14. Qf6 Bd4
15. Qe7 Qd7 16. Qh4 Bg7 17. Bh6 Qg4 18. Qxg4 Bxg4 19. Bxg7 Kxg7 20. Rfe1 Rfe8
21. h3 Bd7 22. Kf1 b6 23. Rxe8 Rxe8 24. Re1 a5 25. c3 f5 26. f4 Kf6 27. Rxe8
Bxe8 28. h4 h6 29. g3 g5 30. Kf2 Bf7 31. c4 Be8 32. b3 g4 33. Ke3 {Game drawn by
mutual agreement} 1/2-1/2

[Event "Team 45 45 League T58"]
[Site "Internet Chess Club"]
[Date "2013.09.09"]
[Round "2"]
[White "PostMike"]
[Black "stanbeers"]
[Result "0-1"]
[WhiteElo "1441"]
[BlackElo "1514"]
[Opening "KP: Nimzovich defense"]
[ECO "B00"]
[Time "14:30:07"]
[TimeControl "2700+45"]

1. e4 Nc6 2. d4 d6 3. d5 Nb8 4. Nf3 g6 5. c3 Bg7 6. Be3 Bg4 7. h3 Bxf3 8. Qxf3
Nd7 9. Nd2 a6 10. Bd3 Ne5 11. Qe2 Nf6 12. O-O O-O 13. Bc2 Re8 14. f4 Ned7 15. f5
c5 16. dxc6 bxc6 17. Ba4 Qc8 18. Qf2 Ne5 19. Bc2 e6 20. fxg6 fxg6 21. Bd4 Rf8
22. Qe3 c5 23. Bxe5 dxe5 24. Nc4 Qc7 25. Rad1 Nh5 26. Rxf8+ Rxf8 27. Rd6 Nf4 28.
Rxa6 Qf7 29. Kh2 Qf6 30. Nd2 Bh6 31. Qe1 Bg5 32. Nf3 Nxg2 33. Kxg2 Qxf3+ {White
resigns} 0-1

[Event "Team 45 45 League T58"]
[Site "Internet Chess Club"]
[Date "2013.08.29"]
[Round "2"]
[White "Lumumba"]
[Black "MBAStudent"]
[Result "1-0"]
[WhiteElo "1560"]
[BlackElo "1602"]
[Opening "Sicilian: Alapin's variation (2.c3)"]
[ECO "B22"]
[Time "17:04:54"]
[TimeControl "2700+45"]

1. e4 c5 2. c3 Nc6 3. d4 cxd4 4. cxd4 d5 5. exd5 Qxd5 6. Nf3 Bg4 7. Nc3 Qd6 8.
d5 Ne5 9. Bb5+ Nd7 10. O-O Nf6 11. Re1 a6 12. Be2 g6 13. h3 Bxf3 14. Bxf3 Bg7
15. Qe2 Ng8 16. Ne4 Qe5 17. Bd2 Ndf6 18. Nxf6+ Qxf6 19. Bc3 Qxc3 20. bxc3 Bxc3
21. d6 Bxa1 22. Rxa1 O-O-O 23. Rc1+ {Black resigns} 1-0

[Event "Team 45 45 League T58"]
[Site "Internet Chess Club"]
[Date "2013.08.29"]
[Round "2"]
[White "John3v16"]
[Black "QuieroAprender"]
[Result "0-1"]
[WhiteElo "1707"]
[BlackElo "1707"]
[Opening "King's Indian: 5.Be2"]
[ECO "E73"]
[Time "20:31:11"]
[TimeControl "2700+45"]

1. d4 Nf6 2. c4 d6 3. Nc3 g6 4. e4 Bg7 5. Be2 c6 6. Bg5 Qa5 7. Qd2 O-O 8. Nf3
Bg4 9. O-O Bxf3 10. Bxf3 e5 11. d5 c5 12. Bh6 Bxh6 13. Qxh6 Qb4 14. Nb5 Ne8 15.
Be2 Qxb2 16. Qe3 Qb4 17. f4 a6 18. Nc3 exf4 19. Rxf4 Qb6 20. Rh4 Qc7 21. Rb1 f6
22. Bg4 Qg7 23. a4 Ra7 24. Be6+ Kh8 25. Rb6 Nd7 26. Bxd7 Qxd7 27. Qg3 Rg8 28. a5
Qg7 29. h3 g5 30. Rh5 Qg6 31. Qf3 Ng7 32. g4 Rd8 33. Ne2 Nxh5 34. gxh5 Qg7 35.
Ng3 Qe7 36. Nf5 Qe5 37. h6 Rd7 38. Ng7 Ra8 39. Ne6 Rf7 40. Kg2 Rg8 41. Kh1 f5
42. Kg2 g4 43. Qf4 gxh3+ 44. Kxh3 Qc3+ 45. Kh2 Qc2+ 46. Kh3 Qg2+ 47. Kh4 Qh1+
{White resigns} 0-1

[Event "Team 45 45 League T58"]
[Site "Internet Chess Club"]
[Date "2013.09.02"]
[Round "2"]
[White "palm47"]
[Black "kabindra"]
[Result "0-1"]
[WhiteElo "1604"]
[BlackElo "1698"]
[Opening "Ponziani opening"]
[ECO "C44"]
[Time "16:00:27"]
[TimeControl "2700+45"]

1. e4 e5 2. Nf3 Nc6 3. c3 d5 4. Qa4 dxe4 5. Nxe5 Qd6 6. Nxc6 bxc6 7. Qxe4+ Be7
8. Bc4 Nf6 9. Qe2 Bg4 10. f3 Bf5 11. O-O O-O 12. d4 Rfe8 13. Bg5 Bf8 14. Qd1 h6
15. Bh4 Nd5 16. Bf2 Nf4 17. g4 Bd7 18. Bg3 Qf6 19. Nd2 h5 20. Ne4 Nh3+ 21. Kh1
Qh6 22. gxh5 Qxh5 23. Bxc7 Be7 24. Nd6 Bxd6 25. Bxd6 Re3 26. Be5 Ng5 27. Be2 f6
28. Qd2 Rxe2 29. Qxe2 fxe5 30. dxe5 Rf8 31. Qc4+ Kh8 32. Qc5 Rxf3 33. Qe7 Be6
34. Qd8+ Kh7 35. c4 Bxc4 {White resigns} 0-1

[Event "Team 45 45 League T58"]
[Site "Internet Chess Club"]
[Date "2013.09.01"]
[Round "2"]
[White "KidRattler"]
[Black "chesskix"]
[Result "0-1"]
[WhiteElo "1463"]
[BlackElo "1387"]
[Opening "King's Indian: Larsen variation"]
[ECO "E90"]
[Time "19:59:17"]
[TimeControl "2700+45"]

1. d4 Nf6 2. c4 g6 3. Nc3 Bg7 4. e4 d6 5. Nf3 O-O 6. Be3 Bg4 7. Be2 Nbd7 8. Qc2
e5 9. O-O-O c6 10. h3 Bxf3 11. Bxf3 Qa5 12. a3 b5 13. cxb5 cxb5 14. dxe5 dxe5
15. Kb1 Rab8 16. Nd5 Kh8 17. Nxf6 Nxf6 18. Rd3 Qa6 19. Qc5 b4 20. Rd6 Qb7 21.
Qxb4 Qxb4 22. axb4 Rxb4 23. Rxf6 Bxf6 24. Bc5 Rfb8 25. Bxb4 Rxb4 26. Rd1 a5 27.
Rd6 Kg7 28. Ra6 a4 29. Kc2 Rc4+ 30. Kd3 Rd4+ 31. Kc3 Bg5 32. Ra5 Bd2+ 33. Kc2
Bxa5 34. g4 Be1 35. b3 a3 36. Kb1 Bxf2 37. Ka2 Rd3 38. Bg2 Bc5 39. Bf1 Rd2+ 40.
Kb1 a2+ 41. Ka1 Bd4# {White checkmated} 0-1

[Event "Team 45 45 League T58"]
[Site "Internet Chess Club"]
[Date "2013.08.30"]
[Round "2"]
[White "gcl"]
[Black "rayonline53"]
[Result "1-0"]
[WhiteElo "1664"]
[BlackElo "1619"]
[Opening "Caro-Kann: classical variation"]
[ECO "B18"]
[Time "08:02:41"]
[TimeControl "2700+45"]

1. e4 c6 2. d4 d5 3. Nc3 dxe4 4. Nxe4 Bf5 5. Ng3 Bg6 6. Nf3 Nd7 7. Nh4 e6 8.
Nxg6 hxg6 9. Bf4 Ngf6 10. Bd3 Nh5 11. Nxh5 gxh5 12. O-O Be7 13. Re1 Bg5 14. Bd6
Be7 15. Bf4 Bg5 16. Bd6 Be7 17. Bxe7 Qxe7 18. a3 O-O-O 19. b4 Nf6 20. c3 g5 21.
b5 cxb5 22. a4 Kb8 23. axb5 b6 24. Qf3 h4 25. Ra6 g4 26. Qf4+ Kc8 27. Rea1 Rd7
28. Rxb6 axb6 29. Ra8+ Kb7 30. Rxh8 Ne8 31. Be4+ Kc8 32. Bc6 Rd8 33. Qxg4 Qa3
34. g3 hxg3 35. Qxg3 Qe7 36. Qg8 Kc7 37. Qg3+ Kc8 38. Rxe8 Rxe8 39. Bxe8 Qxe8
40. c4 Qh8 41. d5 exd5 42. cxd5 Qd4 43. Qg8+ Kc7 44. Qxf7+ Kd6 45. Qe6+ Kc5 46.
Qe3 Qxe3 47. fxe3 Kxb5 48. Kf1 Kc5 49. e4 b5 50. Ke1 {Black resigns} 1-0

[Event "Team 45 45 League T58"]
[Site "Internet Chess Club"]
[Date "2013.09.01"]
[Round "2"]
[White "chrisgianno"]
[Black "Whalen"]
[Result "1-0"]
[WhiteElo "1669"]
[BlackElo "1647"]
[Opening "Sicilian: Grand Prix attack"]
[ECO "B21"]
[Time "13:23:46"]
[TimeControl "2700+45"]

1. e4 c5 2. f4 e6 3. Nf3 Nc6 4. c4 Qc7 5. d3 Be7 6. Nc3 a6 7. g3 Rb8 8. a4 d6 9.
Bg2 Nf6 10. O-O O-O 11. h3 b6 12. Kh2 Rd8 13. g4 h6 14. g5 hxg5 15. fxg5 d5+ 16.
e5 Nxe5 17. Nxe5 Qxe5+ 18. Bf4 Qd4 19. gxf6 Bd6 20. Bxd6 Rxd6 21. Qg4 g6 22.
Qxd4 cxd4 23. Ne2 dxc4 24. dxc4 e5 25. Ng3 d3 26. Ne4 Rd4 27. Nd2 Bf5 28. Kg3 e4
29. Rf4 Re8 30. Re1 Re6 31. Bxe4 Bxe4 32. Rexe4 Rdxe4 33. Rxe4 Rxf6 34. Rd4 Kg7
35. Rxd3 a5 36. Nf3 Kh6 37. h4 Rc6 38. Ne5 Rc7 39. Rd7 {Black resigns} 1-0

[Event "Team 45 45 League T58"]
[Site "Internet Chess Club"]
[Date "2013.09.01"]
[Round "2"]
[White "drsigmund1"]
[Black "evan7284"]
[Result "1-0"]
[WhiteElo "1562"]
[BlackElo "1713"]
[Opening "Queen's pawn game"]
[ECO "D02"]
[Time "06:30:35"]
[TimeControl "2700+45"]

1. d4 d5 2. Nf3 e6 3. Bf4 f5 4. e3 Nf6 5. Bd3 Bd6 6. Ne5 Qe7 7. Nd2 O-O 8. Qf3
Ne4 9. h4 Bxe5 10. Bxe5 c5 11. Bxe4 fxe4 12. Qg3 Nd7 13. Bd6 Qf6 14. Bxf8 Nxf8
15. c3 cxd4 16. cxd4 Nd7 17. Rc1 e5 18. Nb3 exd4 19. Nxd4 Ne5 20. Rc7 Nd3+ 21.
Ke2 Nxb2 22. h5 Qa6+ 23. Kd2 Qa5+ 24. Rc3 Bd7 25. Rc1 Nc4+ 26. Ke1 Qxa2 27. h6
Qd2+ 28. Kf1 g6 29. Qc7 Rf8 30. Ne2 Bg4 31. Qg7# {Black checkmated} 1-0

[Event "Team 45 45 League T58"]
[Site "Internet Chess Club"]
[Date "2013.08.31"]
[Round "2"]
[White "g8wrb"]
[Black "monkhammer"]
[Result "0-1"]
[WhiteElo "1419"]
[BlackElo "1644"]
[Opening "Ruy Lopez: Wormald (Alapin) attack"]
[ECO "C77"]
[Time "10:06:06"]
[TimeControl "2700+45"]

1. e4 e5 2. Nf3 Nc6 3. Bb5 a6 4. Ba4 Nf6 5. Qe2 b5 6. Bb3 Bc5 7. Nxe5 Nxe5 8.
O-O O-O 9. c3 Ba7 10. d4 Ng6 11. Bg5 d6 12. Bd5 Rb8 13. Nd2 c5 14. dxc5 Bxc5 15.
Rad1 Re8 16. h3 h6 17. Bh4 Nxh4 {White resigns} 0-1

[Event "Team 45 45 League T58"]
[Site "Internet Chess Club"]
[Date "2013.09.01"]
[Round "2"]
[White "Leon13"]
[Black "guyd52"]
[Result "0-1"]
[WhiteElo "1446"]
[BlackElo "1373"]
[Opening "Robatsch (modern) defense"]
[ECO "B06"]
[Time "19:00:18"]
[TimeControl "2700+45"]

1. e4 g6 2. d4 Bg7 3. Nc3 d6 4. Nge2 Nf6 5. Bg5 Nbd7 6. f4 c6 7. e5 dxe5 8. dxe5
Nd5 9. Ne4 f6 10. exf6 N5xf6 11. N2c3 Qa5 12. Bc4 Nxe4 13. Qe2 Nxg5 14. fxg5
Bxc3+ 15. bxc3 Qxc3+ 16. Kf2 Rf8+ {White resigns} 0-1

[Event "Team 45 45 League T58"]
[Site "Internet Chess Club"]
[Date "2013.08.30"]
[Round "2"]
[White "JohLeb"]
[Black "Andaluz"]
[Result "1-0"]
[WhiteElo "1404"]
[BlackElo "1150"]
[Opening "QGD semi-Slav: Bogolyubov variation"]
[ECO "D37"]
[Time "13:00:26"]
[TimeControl "2700+45"]

1. d4 Nf6 2. c4 e6 3. Nc3 d5 4. Nf3 Be7 5. e3 c6 6. Bd3 Nbd7 7. c5 b6 8. b4 a5
9. Qa4 Bb7 10. b5 Qc7 11. bxc6 Bxc6 12. Bb5 Bxb5 13. Nxb5 Qc6 14. Nd6+ {Black
resigns} 1-0

[Event "Team 45 45 League T58"]
[Site "Internet Chess Club"]
[Date "2013.08.31"]
[Round "2"]
[White "houseofcook"]
[Black "calsal"]
[Result "0-1"]
[WhiteElo "1489"]
[BlackElo "1634"]
[Opening "Scotch gambit: Dubois-Réti defense"]
[ECO "C55"]
[Time "13:00:37"]
[TimeControl "2700+45"]

1. e4 e5 2. Nf3 Nc6 3. d4 exd4 4. Bc4 Nf6 5. e5 d5 6. Bb5 Ne4 7. Nxd4 Bc5 8. Be3
Bd7 9. Nxc6 bxc6 10. Bxc5 Nxc5 11. Be2 Qg5 12. O-O Qxe5 13. c3 O-O 14. Re1 Rab8
15. Bf3 Qf6 16. Qc2 Bf5 17. Qd2 Nd3 18. Re2 Rxb2 19. Qe3 Qe6 20. Qxe6 fxe6 21.
Rxb2 Nxb2 22. Nd2 e5 23. Be2 Nd3 24. Nf3 Re8 25. Nh4 Nf4 26. Kf1 Nxe2 27. Kxe2
Be4 28. f3 Bc2 29. Rc1 Ba4 30. Nf5 Bb5+ 31. Kd2 g6 32. Ne3 d4 33. Ng4 Kf7 34. c4
Ba6 35. Kd3 h5 36. Nf2 Rb8 37. Rc2 Ke7 38. Ne4 Bc8 39. h3 Bf5 40. Kd2 Bxe4 41.
fxe4 Rb4 42. Kd3 Ra4 43. Rb2 Ra3+ 44. Ke2 Kd6 45. Kf2 Kc5 46. Rb3 Rxb3 47. axb3
Kb4 48. Ke2 Kxb3 49. Kd3 a5 {White resigns} 0-1

[Event "Team 45 45 League T58"]
[Site "Internet Chess Club"]
[Date "2013.08.31"]
[Round "2"]
[White "JeffH"]
[Black "SirIvanhoe"]
[Result "0-1"]
[WhiteElo "1484"]
[BlackElo "1503"]
[Opening "Réti: King's Indian attack, Yugoslav variation"]
[ECO "A07"]
[Time "21:00:44"]
[TimeControl "2700+45"]

1. Nf3 d5 2. g3 c6 3. Bg2 Nf6 4. O-O Bg4 5. h3 Bxf3 6. Bxf3 e5 7. d3 Nbd7 8. Nd2
Be7 9. e4 O-O 10. Qe2 Re8 11. Bg2 Bc5 12. c3 Bb6 13. Nf3 dxe4 14. dxe4 Qc7 15.
Kh1 Nc5 16. Ne1 Rad8 17. b4 Ncd7 18. a4 a5 19. Nc2 Nf8 20. Bg5 Rd6 21. f3 Red8
22. Rad1 Rxd1 23. Rxd1 Rxd1+ 24. Qxd1 Qd7 25. Qe2 Nh5 26. Kh2 Qd6 27. Be3 Qd8
28. h4 Nf6 29. Bxb6 Qxb6 30. Qe3 Qc7 31. Bf1 Ne6 32. Na3 axb4 33. cxb4 g6 34.
Bc4 Nd4 35. Kg2 Kg7 36. Kf2 Qd6 37. Qc3 Nd7 38. Bd3 Qe6 39. Bf1 Qa2+ {White
resigns} 0-1

[Event "Team 45 45 League T58"]
[Site "Internet Chess Club"]
[Date "2013.08.31"]
[Round "2"]
[White "Gilguli"]
[Black "Ostap-Bender"]
[Result "1-0"]
[WhiteElo "1431"]
[BlackElo "1373"]
[Opening "QGA, 4.Nc3"]
[ECO "D24"]
[Time "15:11:33"]
[TimeControl "2700+45"]

1. d4 d5 2. Nf3 Nf6 3. c4 dxc4 4. Nc3 e6 5. Bg5 Be7 6. e3 O-O 7. Bxc4 c5 8. dxc5
Qxd1+ 9. Rxd1 Bxc5 10. Bxf6 gxf6 11. O-O Nc6 12. Rd2 Rd8 13. Rxd8+ Nxd8 14. Rd1
Nc6 15. a3 b6 16. b4 Be7 17. Bd3 Bb7 18. Be4 Rd8 19. Rc1 Rd7 20. Kf1 f5 21. Bxc6
Bxc6 22. Ne5 Rc7 23. Ne2 Bxg2+ 24. Kxg2 Rxc1 25. Nxc1 Bd6 26. Ncd3 f6 27. Nc6 a6
28. a4 Kf8 29. b5 axb5 30. axb5 Ke8 31. h4 Kd7 32. Kf3 Bc7 33. Nf4 Bxf4 34. Kxf4
Kd6 35. e4 fxe4 36. Kxe4 Kc5 37. Na7 Kd6 38. f4 e5 39. fxe5+ fxe5 40. Nc8+ Kc5
41. Kxe5 Kxb5 42. Kf6 Kc5 43. Nxb6 {Black resigns} 1-0

[Event "Team 45 45 League T58"]
[Site "Internet Chess Club"]
[Date "2013.09.01"]
[Round "2"]
[White "stantheman59"]
[Black "dabodhi"]
[Result "0-1"]
[WhiteElo "1203"]
[BlackElo "1345"]
[Opening "Scandinavian (center counter) defense"]
[ECO "B01"]
[Time "14:01:52"]
[TimeControl "2700+45"]

1. e4 d5 2. e5 Nc6 3. d4 e6 4. Bd3 Nxd4 5. c4 c5 6. Nh3 g6 7. a3 Bg7 8. Bf4 Ne7
9. b4 b6 10. cxd5 Qxd5 11. O-O Bb7 12. f3 h6 13. Be4 Qd7 14. Bxb7 Qxb7 15. Nd2
g5 16. Be3 Nef5 17. Re1 Bxe5 18. Nc4 Qc7 19. Nxe5 Qxe5 20. Bf4 Qd5 21. Be5 Rg8
22. bxc5 bxc5 23. Bxd4 cxd4 24. Ra2 Qxa2 25. Qa4+ Ke7 26. Qb4+ Kf6 27. Rb1 Rgd8
28. g4 Ne3 29. Rb2 Qd5 30. Kf2 Nd1+ 31. Ke1 Nxb2 32. Qxb2 Rab8 {White resigns}
0-1

[Event "Team 45 45 League T58"]
[Site "Internet Chess Club"]
[Date "2013.09.02"]
[Round "2"]
[White "SlimeDog2"]
[Black "koni"]
[Result "1/2-1/2"]
[WhiteElo "2038"]
[BlackElo "1936"]
[Opening "Old Indian: Tartakower (Wade) variation"]
[ECO "A41"]
[Time "13:01:27"]
[TimeControl "2700+45"]

1. d4 d6 2. Nf3 Bg4 3. c4 Nd7 4. h3 Bxf3 5. exf3 e5 6. dxe5 dxe5 7. Nc3 Ngf6 8.
Be2 Bc5 9. f4 O-O 10. fxe5 Nxe5 11. O-O h6 12. Bf4 Re8 13. Qc2 c6 14. a3 Qc7 15.
b4 Bd6 16. Be3 a5 17. c5 Bf8 18. Bd4 Rad8 19. Rad1 Nd5 20. Nxd5 Rxd5 21. f4 Ng6
22. Bc4 Nxf4 23. Bxd5 Nxd5 24. Qb2 axb4 25. axb4 Qg3 26. Rf3 Re1+ 27. Rf1 Re4
28. Kh1 Nf4 29. Qf2 Qg6 30. Rd2 Be7 31. Re1 Nd3 32. Rxd3 Rxe1+ 33. Qxe1 Qxd3 34.
Qxe7 Qxd4 35. Qxb7 Qa1+ 36. Kh2 Qe5+ 37. Kg1 Qe1+ 38. Kh2 Qe5+ 39. Kg1 Qe1+ 40.
Kh2 {Game drawn by mutual agreement} 1/2-1/2

[Event "Team 45 45 League T58"]
[Site "Internet Chess Club"]
[Date "2013.08.30"]
[Round "2"]
[White "THE-WARRIOR"]
[Black "CKNIGHT3"]
[Result "1-0"]
[WhiteElo "1721"]
[BlackElo "1722"]
[Opening "QGD Slav defense"]
[ECO "D10"]
[Time "22:00:05"]
[TimeControl "2700+45"]

1. d4 d5 2. c4 c6 3. e3 Nf6 4. Nc3 e6 5. Bd3 Bd6 6. Nf3 dxc4 7. Bxc4 b5 8. Bb3
Nbd7 9. Bc2 Bb7 10. a3 a6 11. e4 Be7 12. e5 Nd5 13. Nxd5 exd5 14. O-O O-O 15.
Qd3 g6 16. Re1 c5 17. Be3 c4 18. Qd2 Re8 19. Bf4 Nf8 20. Ng5 Ne6 21. Nxe6 fxe6
22. Bd1 a5 23. Bg4 Qd7 24. Qe3 b4 25. Qh3 Bf8 26. Bd2 h5 27. Bf3 Rec8 28. Rec1
bxa3 29. bxa3 Rc6 30. Qg3 Kh7 31. Bd1 Rb6 32. Bc2 Qf7 33. Qg5 Bc6 34. Qxh5+ Kg8
35. Bxg6 Qa7 36. Bg5 Rb7 37. Bf6 Bg7 38. Qh3 Be8 39. Qxe6+ Kf8 40. Bxg7+ Rxg7
41. Bxe8 Rxe8 42. Qxd5 Rd7 43. Qf3+ Rf7 44. Qe3 Rc8 45. Rc3 Qd7 46. Rac1 Qd5 47.
f4 Rcc7 48. Rf1 Rg7 49. g3 Rgf7 50. f5 Rh7 51. e6 Rce7 52. Qe5 Qxe5 53. dxe5 Rc7
54. f6 Rh5 55. e7+ Kf7 56. e6+ Ke8 57. f7+ Kxe7 58. f8=Q+ Kxe6 59. Qe8+ Kd6 60.
Rf6+ Kd5 61. Qd8+ Ke5 62. Re3# {Black checkmated} 1-0

[Event "Team 45 45 League T58"]
[Site "Internet Chess Club"]
[Date "2013.09.02"]
[Round "2"]
[White "jt2000"]
[Black "toukon"]
[Result "1-0"]
[WhiteElo "1796"]
[BlackElo "1732"]
[Opening "Scandinavian: Pytel-Wade variation"]
[ECO "B01"]
[Time "12:15:40"]
[TimeControl "2700+45"]

1. e4 d5 2. exd5 Qxd5 3. Nc3 Qd6 4. d4 Nf6 5. h3 c6 6. Nf3 Bf5 7. Bc4 e6 8. Ne5
Nbd7 9. f4 Be7 10. Be3 O-O 11. g4 Be4 12. Rg1 Bd5 13. Bd3 Qb4 14. g5 Nxe5 15.
fxe5 Nd7 16. Bxh7+ Kxh7 17. Qh5+ Kg8 18. O-O-O a5 19. Nxd5 cxd5 20. Rg4 g6 21.
Qh6 Rfc8 22. Rh4 Rxc2+ 23. Kxc2 Qa4+ 24. Kd2 Qb4+ 25. Ke2 Qb5+ 26. Kf2 Qxb2+ 27.
Rd2 {Black resigns} 1-0

[Event "Team 45 45 League T58"]
[Site "Internet Chess Club"]
[Date "2013.09.02"]
[Round "2"]
[White "John3v16"]
[Black "tryanything"]
[Result "1-0"]
[WhiteElo "1718"]
[BlackElo "1575"]
[Opening "Réti accepted"]
[ECO "A09"]
[Time "05:31:51"]
[TimeControl "2700+45"]

1. Nf3 d5 2. c4 dxc4 3. e3 Nf6 4. Bxc4 Nc6 5. d4 e6 6. Nc3 Bb4 7. O-O O-O 8. Qc2
Re8 9. Rd1 a6 10. e4 Be7 11. a3 g6 12. d5 exd5 13. Nxd5 Nxd5 14. Bxd5 Bd6 15.
Bxc6 bxc6 16. e5 Bf5 17. Qxc6 Qe7 18. exd6 cxd6 19. Qxd6 Rad8 20. Bg5 Rxd6 21.
Bxe7 Rxd1+ 22. Rxd1 Rxe7 23. Kf1 Kg7 24. Rd6 Rb7 25. b4 Bd7 26. Nd4 Bb5+ 27.
Nxb5 axb5 28. Ke2 h5 29. h4 Re7+ 30. Kd3 Ra7 31. Kd4 Rxa3 32. Rb6 Ra2 33. Ke3
Ra3+ 34. Kf4 Ra2 35. Kg3 Rb2 36. Rxb5 Rb3+ 37. f3 Rb2 38. Rb8 Rb3 39. b5 Rb2 40.
b6 Rb3 41. Kf4 Kf6 42. Ke4 Rb4+ 43. Kd5 Rxh4 44. Rc8 Rb4 45. Kc6 Rb1 46. b7 Rc1+
47. Kd7 Rd1+ 48. Ke8 Kg7 49. b8=Q Re1+ 50. Kd7 Rd1+ 51. Qd6 {Black resigns} 1-0

[Event "Team 45 45 League T58"]
[Site "Internet Chess Club"]
[Date "2013.09.03"]
[Round "2"]
[White "HematiteBrown"]
[Black "Muravey"]
[Result "1-0"]
[WhiteElo "2058"]
[BlackElo "1999"]
[Opening "Scandinavian defense"]
[ECO "B01"]
[Time "18:06:39"]
[TimeControl "2700+45"]

1. e4 d5 2. exd5 Nf6 3. Nf3 Nxd5 4. d4 g6 5. c4 Nb6 6. c5 Nd5 7. Qb3 Bg7 8. Nc3
Nxc3 9. bxc3 O-O 10. Bg5 b6 11. O-O-O bxc5 12. dxc5 Qe8 13. Nd4 h6 14. Bh4 e5
15. Nb5 Na6 16. Rd8 Qc6 17. Bc4 Rxd8 18. Bxf7+ Kh7 19. Bxd8 Rb8 20. a4 Qxg2 21.
Qd5 Ra8 22. Qxg2 {Black resigns} 1-0

[Event "Team 45 45 League T58"]
[Site "Internet Chess Club"]
[Date "2013.08.31"]
[Round "2"]
[White "Constrictor"]
[Black "pmcglothin"]
[Result "0-1"]
[WhiteElo "1721"]
[BlackElo "1823"]
[Opening "King's Indian, 3.Nf3"]
[ECO "E61"]
[Time "12:05:50"]
[TimeControl "2700+45"]

1. Nf3 Nf6 2. d4 g6 3. c4 Bg7 4. Nc3 O-O 5. Bg5 h6 6. Bh4 d6 7. e4 g5 8. Bg3 Nh5
9. Be2 Nd7 10. O-O c6 11. Rc1 Nxg3 12. hxg3 Qb6 13. b3 e5 14. d5 c5 15. Nh2 Qd8
16. Bg4 Nf6 17. Bxc8 Rxc8 18. Ng4 Nh7 19. Ne3 Qd7 20. Nf5 Nf6 21. Kh2 a6 22. Rh1
Kh7 23. Kg1 Kg6 24. Qe2 Rh8 25. g4 h5 26. gxh5+ Rxh5 27. Rxh5 Nxh5 28. g3 Nf6
29. Kg2 Rh8 30. Qd2 Nxe4 31. Nxe4 Qxf5 32. Nxd6 Qh3+ 33. Kf3 Qd7 34. Ne4 Qf5+
35. Ke3 g4 36. Qd3 Bh6+ 37. Ke2 Bxc1 38. d6 Bg5 {White resigns} 0-1

[Event "Team 45 45 League T58"]
[Site "Internet Chess Club"]
[Date "2013.08.31"]
[Round "2"]
[White "calsal"]
[Black "Frankly"]
[Result "1-0"]
[WhiteElo "1656"]
[BlackElo "1754"]
[Opening "two knights defense: Ulvestad variation"]
[ECO "C57"]
[Time "16:02:45"]
[TimeControl "2700+45"]

1. e4 e5 2. Bc4 Nc6 3. Nf3 Nf6 4. Ng5 d5 5. exd5 b5 6. Bf1 Qxd5 7. Nc3 Qd8 8.
Bxb5 Bd7 9. Bc4 Be6 10. Nxe6 fxe6 11. Bb5 Qd6 12. Qf3 Nd5 13. Ne4 Qd7 14. c4
Ndb4 15. O-O Be7 16. a3 Rf8 17. Qc3 Nd3 18. Bxc6 Qxc6 19. Qxd3 Rd8 20. Qc2 Rd4
21. d3 Rf5 22. Qb3 Rd8 23. Qb5 Qxb5 24. cxb5 Rxd3 25. b4 Rd5 26. Be3 Rxb5 27.
Bxa7 Rf4 28. Ng3 g6 29. Be3 Rf7 30. Rfc1 Rb7 31. Ne4 Kf8 32. Nc5 Bxc5 33. Rxc5
Rf5 34. Rac1 Ra7 35. R1c3 Ra6 36. Rc6 Rxc6 37. Rxc6 Rf7 {Black resigns} 1-0

[Event "Team 45 45 League T58"]
[Site "Internet Chess Club"]
[Date "2013.08.31"]
[Round "2"]
[White "ghostfire"]
[Black "quale"]
[Result "1/2-1/2"]
[WhiteElo "1735"]
[BlackElo "1749"]
[Opening "French: Paulsen variation"]
[ECO "C10"]
[Time "15:06:27"]
[TimeControl "2700+45"]

1. e4 e6 2. d4 d5 3. Nc3 Nc6 4. e5 f6 5. f4 fxe5 6. dxe5 Bc5 7. Bd3 Nge7 8. Qh5+
g6 9. Qh6 Kd7 10. Nf3 Nb4 11. g4 Nxd3+ 12. cxd3 b6 13. a3 a5 14. d4 Bxd4 15.
Nxd4 Bb7 16. f5 exf5 17. gxf5 c5 18. Ne6 Nxf5 19. Nxd8 Nxh6 20. Nxb7 Ng4 21. Nd6
Nxe5 22. Ncb5 Rhd8 23. O-O Kc6 24. Rf6 Nd7 25. Rf7 a4 26. Bf4 Ra5 27. Nc3 d4 28.
Nce4 b5 29. b4 axb3 30. Nf6 b4 31. Nxd7 Rxd7 32. Rxd7 Kxd7 33. Nc4 Ra6 34. a4
Ke6 35. Rc1 Rxa4 36. Rb1 Ra6 37. Rxb3 Kd5 38. Nd2 Ra4 39. Rg3 Kc6 40. Rg5 Ra3
41. Nc4 Rc3 42. Na5+ Kb5 43. Nb7 b3 44. Rxc5+ Rxc5 45. Nxc5 Kxc5 46. Bc1 Kc4 47.
Kf1 Kc3 48. Ke1 b2 49. Bxb2+ Kxb2 50. Kd2 h6 51. Kd3 Kc1 52. Kxd4 Kd2 53. Ke5
Ke3 54. Kf6 g5 55. Kg6 Kf4 56. Kxh6 Kg4 57. Kg6 Kf4 58. Kh5 Kf5 59. h3 Kf4 60.
Kg6 g4 61. hxg4 Kxg4 {Game drawn because neither player has mating material}
1/2-1/2

[Event "Team 45 45 League T58"]
[Site "Internet Chess Club"]
[Date "2013.09.01"]
[Round "2"]
[White "LittleButton"]
[Black "frank001"]
[Result "1/2-1/2"]
[WhiteElo "1863"]
[BlackElo "1757"]
[Opening "Scotch: Schmidt variation"]
[ECO "C45"]
[Time "04:06:49"]
[TimeControl "2700+45"]

1. e4 e5 2. Nf3 Nc6 3. d4 exd4 4. Nxd4 Nf6 5. Nxc6 bxc6 6. Bd3 d5 7. Bg5 Be7 8.
exd5 Qxd5 9. Bxf6 Bxf6 10. Qe2+ Be6 11. Be4 Qd6 12. Nc3 O-O 13. O-O Rfe8 14. Qf3
Rab8 15. Rab1 Rb6 16. Na4 Ra6 17. b3 Bd5 18. Rfe1 g6 19. c4 Bxc4 20. Red1 Bd5
21. Bxd5 cxd5 22. Rxd5 Qe6 23. g3 Rc6 24. Nc5 Qe7 25. b4 Rd6 26. Rxd6 cxd6 27.
Nd3 Kg7 28. Nf4 Be5 29. Nd5 Qb7 30. Rc1 Rc8 31. Rxc8 Qxc8 32. Qd3 {Game drawn by
mutual agreement} 1/2-1/2